[Event "17th Delhi GM Open 2019"]
[Site "Delhi"]
[Date "2019.01.11"]
[Round "4"]
[White "Praveen Kumar C"]
[Black "Muthaiah AL"]
[Result "0-1"]
[ECO "E21"]
[WhiteElo "2233"]
[BlackElo "2406"]
[Annotator "NA"]
[PlyCount "46"]
[EventDate "2019.01.09"]
[EventType "swiss"]
[EventCountry "IND"]
[SourceTitle "playchess.com"]
[Source "ChessBase"]
[SourceQuality "1"]
[TimeControl "5400+30"]

1. d4 Nf6 2. c4 e6 3. Nc3 Bb4 4. Nf3 O-O 5. g3 b6 6. Bg2 Bb7 7. O-O Bxc3 8. bxc3 d6 9. a4 Nc6 10. Nd2 Na5 11. e4 c5 12. f4 cxd4 13. cxd4 Rc8 14. Bb2 Nxc4 15. Nxc4 Rxc4 16. Qb3 Qc7 17. Rfe1 Rc2 18. Ba3 Rxg2+ 19. Kxg2 Nxe4 20. Qe3 Nf6+ 21. Kh3 Qc2 22. Rg1 Ng4 23. Kxg4 Qg6+ 0-1

[Event "17th Delhi GM Open 2019"]
[Site "Delhi"]
[Date "2019.01.11"]
[Round "4"]
[White "Swati Ghate"]
[Black "Sahoo, Utkal Ranjan"]
[Result "0-1"]
[ECO "C84"]
[WhiteElo "2216"]
[BlackElo "2388"]
[Annotator "ChessBase"]
[PlyCount "130"]
[EventDate "2019.01.09"]
[EventType "swiss"]
[EventCountry "IND"]
[SourceTitle "playchess.com"]
[Source "ChessBase"]
[SourceQuality "1"]
[TimeControl "5400+30"]

1. e4 e5 2. Nf3 Nc6 3. Bb5 a6 4. Ba4 Nf6 5. O-O Be7 6. d3 b5 7. Bb3 d6 8. a3 O-O 9. Nc3 Bg4 10. Be3 Qd7 11. h3 Bh5 12. Nd5 Nxd5 13. Bxd5 Bg6 14. a4 Rab8 15. axb5 axb5 16. c3 Kh8 17. Ra6 Nd8 18. Ra7 Nc6 19. Ra6 Nd8 20. Nh2 c6 21. Bb3 Nb7 22. Ra7 Ra8 23. Qa1 Rxa7 24. Qxa7 f5 25. f3 d5 26. exf5 Bxf5 27. d4 Bd6 28. Ng4 exd4 29. cxd4 Bb8 30. Qa3 Bd6 31. Qa1 Qc7 32. Qc1 Na5 33. Bc2 Nc4 34. Bxf5 Rxf5 35. Bf2 Bf4 36. Qc2 Rf8 37. b3 Nd6 38. Re1 Kg8 39. Ne5 Rc8 40. Nd3 Nf5 41. Qe2 Bh2+ 42. Kh1 Qd6 43. f4 Bg3 44. Qg4 Bxf2 45. Qxf5 Rf8 46. Qe6+ Qxe6 47. Rxe6 Bg3 48. Rxc6 Re8 49. Kg1 Re3 50. Rc8+ Kf7 51. Ne5+ Ke6 52. Nf3 Rxb3 53. Rc1 Bxf4 54. Re1+ Kd6 55. Kf2 b4 56. Re2 Rd3 57. g3 Bc1 58. Rc2 Bh6 59. Rc8 b3 60. Rb8 Rc3 61. Ke2 Bc1 62. g4 b2 63. h4 Kc7 64. Rb5 Re3+ 65. Kf2 Re6 0-1